 Dungeon Crawl Stone Soup version 0.28-a0-769-g550dbda0cd (webtiles) character file.

Game seed: 1790973385979739390

212 funkygono the Firebug (level 5, -4/28 HPs)
             Began as a Gargoyle Fire Elementalist on Nov 1, 2021.
             Killed from afar by a white imp (9 damage)
             ... with a puff of frost
             ... summoned by Natasha
             ... on level 3 of the Dungeon.
             The game lasted 00:05:56 (4266 turns).

funkygono the Firebug (Gargoyle Fire Elementalist)  Turns: 4266, Time: 00:05:56

Health: -4/28      AC:  6    Str: 12    XL:     5   Next: 90%
Magic:  1/10       EV: 12    Int: 16    God:
Gold:   1059       SH:  0    Dex: 10    Spells: 1/11 levels left

rFire   . . .      SeeInvis .   g - +0 whip
rCold   . . .      Faith    .   (no shield)
rNeg    + . .      Spirit   .   a - +0 robe
rPois   ∞          Reflect  .   (no helmet)
rElec   +          Harm     .   (no cloak)
rCorr   .          Rampage  .   (no gloves)
Will    .....                   (no boots)
Stlth   ++........              (no amulet)
HPRegen 0.09/turn               (no ring)
MPRegen 0.12/turn               (no ring)

@: no status effects
A: sickness immunity, AC +4, negative energy resistance 1, electricity
resistance, torment resistance 1, petrification resistance
a: no special abilities


You were on level 3 of the Dungeon.
You visited 1 branch of the dungeon, and saw 3 of its levels.

You collected 1059 gold pieces.

Inventory:

Hand Weapons
 g - a +0 whip (weapon)
Missiles
 d - 78 stones (quivered)
 h - a throwing net
Armour
 a - a +0 robe (worn)
Jewellery
 j - a +4 ring of protection
Scrolls
 b - a scroll of fear
 c - a scroll of identify
 i - a scroll of noise {unknown}
 l - 3 scrolls of enchant weapon {unknown}
Potions
 e - a potion of heal wounds
 f - a potion of might {unknown}
 k - a potion of lignification {unknown}


   Skills:
 + Level 0.2 Maces & Flails
 + Level 1.7 Dodging
 - Level 2.1 Stealth
 * Level 3.8 Spellcasting
 * Level 2.8 Conjurations
 * Level 4.4 Fire Magic


You had one spell level left.
You knew the following spells:

 Your Spells              Type           Power      Damage    Failure   Level
a - Foxfire               Conj/Fire      56%        2x1d6     3%          1
b - Scorch                Fire           34%        2d7       4%          2
c - Conjure Flame         Conj/Fire      14%        6-21      12%         3
d - Flame Wave            Conj/Fire      14%        3d5       36%         4

Your spell library contained the following spells:

 Spells                   Type           Power      Damage    Failure   Level
 Slow                     Hex            12%        N/A       17%         1
 Inner Flame              Hex/Fire       10%        N/A       22%         3
 Portal Projectile        Hex/Tloc       6%         N/A       45%         3
 Blade Hands              Tmut           1%         N/A       99%         5
 Excruciating Wounds      Necr           1%         N/A       99%         5
 Discord                  Hex            1%         N/A       100%        8
 Disjunction              Tloc           1%         N/A       100%        8


Dungeon Overview and Level Annotations

Branches:
Dungeon (3/15)

Altars:
Okawaru
Sif Muna
Zin

Annotations:
D:3 Natasha


Innate Abilities, Weirdness & Mutations

You are immune to sickness and miasma.
Your stone body is resilient. (AC +4)
You are immune to poison.
You resist negative energy. (rN+)
You are resistant to electric shocks. (rElec)
You are resistant to unholy torment.
You are immune to petrification.


Message History

Natasha seems to speed up.
Natasha casts a spell.
The iron imp barely misses you.
Natasha is no longer more vulnerable to fire.
The iron imp grinds its teeth.
The iron imp disappears in a puff of smoke!
Casting: Scorch (safe; 4% risk of failure)
Confirm with . or Enter, or press ? or * to list all spells.
You conjure some foxfire!
Natasha claws you.
You hit Natasha.
Natasha is severely wounded.
The foxfire hits Natasha but does no damage.
Natasha is severely wounded.
The foxfire hits Natasha.
Natasha is almost dead.
Natasha mumbles some strange words.
You feel disoriented.
Natasha mumbles some strange words.
Natasha casts a spell.
You closely miss Natasha.
Natasha is almost dead.
Natasha claws you. x2; The white imp completely misses you.
The crimson imp blinks!
You hit Natasha but do no damage.
Natasha is almost dead.
Natasha closely misses you.
The white imp hits you but does no damage.
The crimson imp hits you.
Unknown command.
You hit Natasha but do no damage.
Natasha is almost dead.
Natasha stares at you and mumbles some strange words.
The magic dart hits you.
* * * LOW HITPOINT WARNING * * *
The iron imp completely misses you.
Natasha wildly gestures.
Natasha's front paws start to glow.
Natasha misses you. The white imp gestures at you. The puff of frost hits you!
You die...

#..)..######.....#..........
#.....####.....#.###########
#.....##...#.#####
#.....##.#.### #.##.#...###
♣♣♣♣♣♣ ♣ #..#.#.###
♣♣♣....♣♣♣♣♣♣♣
##.#.#...#♣♣♣♣♣..♣♣♣....♣♣.†
#.#.#.#.§555..♣♣♣ ♣♣♣♣...♣♣
#.#.#)##.h@..♣♣ ♣♣♣♣♣
#.#.#.###♣♣♣♣♣ #.#.#.#
#.#.#.# #.#.#.# ♣ #.#.#.###
♣♣♣ #.#.....# ♣.. #.#####.#
♣♣.§ #.# #.#♣♣ ♣..♣


You could see an iron imp (summoned), Natasha (fast), a crimson imp (summoned)
and a white imp (summoned).

Vanquished Creatures
  An orc priest (D:3)
  Jessica (D:3)
  An orc wizard (D:3)
  2 gnolls (D:2)
  5 adders
  7 orcs (D:3)
  4 bats
  6 endoplasms
  A giant cockroach (D:2)
  7 goblins
  4 hobgoblins
  2 jackals (D:2)
  4 kobolds
  7 quokkas
  3 ball pythons
  4 frilled lizards
  4 rats
63 creatures vanquished.

Vanquished Creatures (collateral kills)
  6 foxfires (D:2)
6 creatures vanquished.

Vanquished Creatures (others)
  165 foxfires
  63 plants (D:2)
228 creatures vanquished.

Grand Total: 297 creatures vanquished

Notes
Turn   | Place    | Note
-------+----------+-------------------------------------------
     0 | D:1      | funkygono the Gargoyle Fire Elementalist began the quest
                  | for the Orb.
     0 | D:1      | Reached XP level 1. HP: 10/10 MP: 3/3
   359 | D:1      | Reached XP level 2. HP: 15/15 MP: 1/5
   362 | D:1      | Learned a level 2 spell: Scorch
   551 | D:1      | Found a faded altar of an unknown god.
  1735 | D:2      | Reached XP level 3. HP: 19/19 MP: 1/6
  1739 | D:2      | Learned a level 3 spell: Conjure Flame
  1870 | D:2      | Found a glowing silver altar of Zin.
  2018 | D:2      | Reached skill level 4 in Fire Magic
  2018 | D:2      | Reached XP level 4. HP: 20/24 MP: 0/8
  2185 | D:2      | Got the Compendium of the Captivating Compass
  2988 | D:2      | Identified a scroll of acquirement
  2988 | D:2      | Acquired 905 gold pieces
  3324 | D:3      | Noticed Jessica
  3330 | D:3      | Killed Jessica
  3331 | D:3      | Reached XP level 5. HP: 28/28 MP: 2/9
  3531 | D:3      | Found an iron altar of Okawaru.
  3620 | D:3      | Found a shimmering blue altar of Sif Muna.
  4107 | D:3      | Learned a level 4 spell: Flame Wave
  4248 | D:3      | Noticed Natasha
  4266 | D:3      | Killed from afar by a white imp

Illustrated notes

Levels and vault maps discovered:
D:1:      minmay_arrival_jagged, layout_basic, basic_ecumenical_altar
D:2:      wad_woods_stonehenge, layout_loops_corners,
          corexii_item_surrounded_by_moat, chequers_serial_rivers_micro_e
D:3:      kb_forest_paths, layout_basic, nicolae_overflow_hidden_temple,
          nicolae_sif_muna_little_library, lemuel_tele_altar, uniq_jessica,
          uniq_natasha

Skill      XL: |  1  2  3  4 |
---------------+-------------+-----
Fire Magic     | 4 |  4.4
Spellcasting   | 3 |  3.8
Conjurations   | 2 |  2.8
Maces & Flails | |  0.2
Dodging        | |  1.7
Stealth        | |  2.1

Action                   |  1- 3 |  4- 6 || total
-------------------------+-------+-------++-------
Melee: Unarmed           |     1 |       ||     1
       Whip              |    22 |    20 ||    42
 Cast: Foxfire           |    49 |    59 ||   108
       Scorch            |     9 |    14 ||    23
  Use: Scroll            |       |     4 ||     4
Armor: Robe              |     8 |     6 ||    14
Dodge: Dodged            |    19 |    17 ||    36

Table legend: (Time is in decaauts)
 A = Elapsed time spent in this place.
 B = Non-inter-level travel time spent in this place.
 C = Inter-level travel time spent in this place.
 D = Time resting spent in this place.
 E = Time spent auto-exploring this place.
 F = Levels seen in this place.
 G = Mean time per level.
                   A        B        C        D        E       F      G
               +--------+--------+--------+--------+--------+-----+--------+
         Total |   4270 |   4166 |    104 |    394 |   3283 |   3 | 1423.3 |
       Dungeon |   4270 |   4166 |    104 |    394 |   3283 |   3 | 1423.3 |
               +--------+--------+--------+--------+--------+-----+--------+

Top non-repeatable levels by time:
     D:1: 1569 daAuts
     D:2: 1454 daAuts
     D:3: 1246 daAuts
